 Dungeon Crawl Stone Soup version 0.30-a0-304-gdc4b735fe1 (webtiles) character file.

Game seed: 15737323541387760803

280 Raultor the Ruffian (level 6, -6/48 HPs)
             Began as a Demonspawn Fighter on Oct 20, 2022.
             Mangled by Crazy Yiuf
             ... wielding a +2 quarterstaff of chaos
              (7 damage)
             ... on level 2 of the Dungeon.
             The game lasted 00:05:20 (2165 turns).

Raultor the Ruffian (Demonspawn Fighter)            Turns: 2165, Time: 00:05:21

Health: -6/48      AC: 10    Str: 18    XL:     6   Next: 5%
Magic:  6/6        EV:  6    Int:  9    God:
Gold:   130        SH:  4    Dex: 13    Spells: 5/5 levels left

rFire   . . .      SeeInvis .      - Unarmed
rCold   . . .      Faith    .    c - +0 buckler
rNeg    . . .      Spirit   .    k - +0 chain mail
rPois   .          Reflect  .    (helmet restricted)
rElec   .          Harm     .    (no cloak)
rCorr   .          Rampage  .    u - +0 pair of gloves
Will    .....                    (no boots)
Stlth   ..........               (no amulet)
HPRegen 0.28/turn                (no ring)
MPRegen 0.10/turn                (no ring)

@: no status effects
A: antennae 1, hooves 1, powered by pain 1
a: no special abilities


You were on level 2 of the Dungeon.
You visited 1 branch of the dungeon, and saw 3 of its levels.

You collected 130 gold pieces.


Innate Abilities, Weirdness & Mutations

You have a pair of small antennae on your head.
You have large cloven feet.
You sometimes gain a little power by taking damage.


   Skills:
 - Level 3.7 Fighting
 - Level 1.7 Axes
 - Level 2.6 Armour
 - Level 2.6 Shields
 + Level 5.0 Unarmed Combat


You had 5 spell levels left.
You didn't know any spells.
Your spell library contained the following spells:

 Spells                   Type           Power      Damage    Failure   Level
 Tukima's Dance           Hex            0%         N/A       100%        3
 Passage of Golubria      Tloc           0%         N/A       100%        4
 Yara's Violent Unravell  Hex/Tmut       0%         3d3       100%        5

Inventory:

Hand Weapons
 a - a +0 war axe
Missiles
 i - 3 javelins (quivered)
 p - 2 throwing nets {=f}
Armour
 b - a +0 scale mail
 c - a +0 buckler (worn)
 k - a +0 chain mail (worn)
 s - a +0 kite shield
 u - a +0 pair of gloves (worn)
Magical Staves
 n - a staff of cold {!a}
Scrolls
 h - a scroll of blinking {unknown}
 j - 2 scrolls of fog {unknown}
 m - a scroll of amnesia {unknown}
 o - 2 scrolls of identify {unknown}
 q - a scroll of immolation {unknown}
 t - a scroll of torment {unknown}
Potions
 d - a potion of might
 e - a potion of resistance
 f - a potion of haste {unknown}
 g - a potion of degeneration {unknown}
 l - a potion of mutation {unknown}
 r - 3 potions of curing {unknown}

Dungeon Overview and Level Annotations

Branches:
Dungeon (3/15)

Altars:

Annotations:
D:2 Crazy Yiuf

#.## ▒..)▒ #.# ▒...▒
#####.# ... #...#.##
▒'▒ #.#....# ♣♣.♣
#...#.## ♣.♣♣ ##.##.#
♣♣.♣ #.##.# ♣g♣♣
#.##.# ♣♣@♣♣ .#
#.##.## ♣...♣♣ #.#
##.##..# ♣....♣ #.#
##...#### ##..## #.#
#..#....###....#####.#
#....###.#.#...##....#
#####...##
#...##.##.....#
......###
#.....>.......#
#####.#
#.#######..)..#


You could see Crazy Yiuf.


Message History

Crazy Yiuf shouts!
Crazy Yiuf laughs, "Pitchfork!
Paint shrimp sing-song."
You open the door. You barely miss Crazy Yiuf.
You kick Crazy Yiuf, but do no damage.
Crazy Yiuf hits you with a +2 quarterstaff of chaos!
Crazy Yiuf burns you.
You hit Crazy Yiuf but do no damage. You kick Crazy Yiuf, but do no damage.
Unknown command.
You barely miss Crazy Yiuf.
Crazy Yiuf hits you with a +2 quarterstaff of chaos.
Crazy Yiuf burns you.
You hit Crazy Yiuf. You kick Crazy Yiuf.
Crazy Yiuf is lightly wounded.
Crazy Yiuf hits you with a +2 quarterstaff of chaos!
* * * LOW HITPOINT WARNING * * *
Crazy Yiuf freezes you.
* * * LOW HITPOINT WARNING * * *
You hit Crazy Yiuf but do no damage. You kick Crazy Yiuf.
Crazy Yiuf is moderately wounded.
Crazy Yiuf hits you with a +2 quarterstaff of chaos.
* * * LOW HITPOINT WARNING * * *
Crazy Yiuf burns you.
* * * LOW HITPOINT WARNING * * *
Crazy Yiuf attacks as you move away!
Crazy Yiuf hits you with a +2 quarterstaff of chaos!
* * * LOW HITPOINT WARNING * * *
Crazy Yiuf draws strength from your wounds!
Crazy Yiuf attacks as you move away!
Crazy Yiuf hits you with a +2 quarterstaff of chaos!
You die...

Skill      XL: |  1  2  3  4 |
---------------+-------------+-----
Unarmed Combat | 1 2 5 |  5.0
Fighting       | |  3.7
Axes           | |  1.7
Armour         | |  2.6
Shields        | |  2.6

Action                   |  1- 3 |  4- 6 || total
-------------------------+-------+-------++-------
Melee: War axe           |   101 |       ||   101
       Kick              |    19 |    34 ||    53
       Unarmed           |    12 |   108 ||   120
Armor: Scale mail        |    56 |    21 ||    77
       Chain mail        |       |     6 ||     6
Dodge: Dodged            |    57 |    41 ||    98
Block: Buckler           |    33 |    21 ||    54

Levels and vault maps discovered:
D:1:      dpeg_arrival_stone_temple_mockup, layout_loops_ring,
          dreamdust_wishing_well, minmay_misc_feat_rows,
          chequers_serial_rivers_small_a
D:2:      layout_loops_ring, uniq_crazy_yiuf_cottage, uniq_sigmund
D:3:      layout_rooms

Notes
Turn   | Place    | Note
-------+----------+-------------------------------------------
     0 | D:1      | Raultor the Demonspawn Fighter began the quest for the Orb.
     0 | D:1      | Reached XP level 1. HP: 18/18 MP: 1/1
   156 | D:1      | You feel monstrous as your demonic heritage exerts itself.
   156 | D:1      | Discovered your monstrous ancestry.
   156 | D:1      | Gained mutation: You have large cloven feet. [demonic
                  | ancestry]
   156 | D:1      | Reached XP level 2. HP: 16/25 MP: 2/2
   296 | D:1      | Reached skill level 1 in Unarmed Combat
   444 | D:1      | Gained mutation: You have a pair of small antennae on your
                  | head. [demonic ancestry]
   444 | D:1      | Reached XP level 3. HP: 28/30 MP: 3/3
   771 | D:2      | Reached skill level 2 in Unarmed Combat
  1007 | D:2      | Reached XP level 4. HP: 35/37 MP: 4/4
  1088 | D:2      | Noticed Sigmund
  1161 | D:3      | Reached skill level 3 in Unarmed Combat
  1928 | D:2      | Killed Sigmund
  1929 | D:2      | Reached skill level 5 in Unarmed Combat
  1929 | D:2      | Gained mutation: You sometimes gain a little power by
                  | taking damage. [demonic ancestry]
  1929 | D:2      | Reached XP level 5. HP: 25/42 MP: 5/5
  1929 | D:2      | Reached XP level 6. HP: 28/48 MP: 6/6
  2151 | D:2      | Found a runed translucent door.
  2152 | D:2      | Noticed Crazy Yiuf
  2163 | D:2      | HP: 1/48 [Crazy Yiuf/+2 quarterstaff of chaos (7)]
  2165 | D:2      | Mangled by Crazy Yiuf

Vanquished Creatures
  Sigmund (D:2)
  3 gnolls (D:2)
  2 adders (D:3)
  A worm (D:3)
  5 dart slugs
  An orc (D:3)
  5 ball pythons
  5 bats
  5 endoplasms
  A giant cockroach (D:3)
  8 goblins
  9 hobgoblins
  6 jackals
  4 quokkas
  7 frilled lizards
  A kobold (D:2)
  3 rats
67 creatures vanquished.

Table legend: (Time is in decaauts)
 A = Elapsed time spent in this place.
 B = Non-inter-level travel time spent in this place.
 C = Inter-level travel time spent in this place.
 D = Time resting spent in this place.
 E = Time spent auto-exploring this place.
 F = Levels seen in this place.
 G = Mean time per level.
                   A        B        C        D        E       F      G
               +--------+--------+--------+--------+--------+-----+--------+
         Total |   2209 |   2167 |     42 |      0 |   1531 |   3 |  736.3 |
       Dungeon |   2209 |   2167 |     42 |      0 |   1531 |   3 |  736.3 |
               +--------+--------+--------+--------+--------+-----+--------+

Top non-repeatable levels by time:
     D:2: 846 daAuts
     D:1: 784 daAuts
     D:3: 578 daAuts

Table legend:
 A = Non-vault XP
 B = Vault XP
 C = Vault XP percentage of total XP
 D = Non-vault monster count
 E = Vault monster count
 F = Vault count percentage of total count
                 A         B        C        D         E       F
            +---------+---------+-------+---------+---------+-------
      Total |     187 |     214 |  53.4 |      66 |       1 |   1.5
            +---------+---------+-------+---------+---------+-------
        D:1 |      50 |       0 |   0.0 |      26 |       0 |   0.0
        D:2 |      70 |     214 |  75.4 |      18 |       1 |   5.3
        D:3 |      67 |       0 |   0.0 |      22 |       0 |   0.0
            +---------+---------+-------+---------+---------+-------
